 Dungeon Crawl Stone Soup version 0.25-a0-474-ga8a2ee3166 (webtiles) character file.

Game seed: 12902090560814822931, levelgen mode: deterministic

99 Emblim88 the Ruffian (level 4, -6/45 HPs)
             Began as a Troll Monk on Feb 7, 2020.
             Was a Believer of the Shining One.
             Mangled by a slave (8 damage)
             ... led by Pikel
             ... on level 4 of the Dungeon.
             The game lasted 00:02:51 (2011 turns).

Emblim88 the Ruffian (Troll Monk)                   Turns: 2011, Time: 00:02:51

Health: -6/45      AC:  6    Str: 20    XL:     4   Next: 45%
Magic:  12/12      EV: 10    Int:  6    God:    the Shining One [**....]
Gold:   94         SH:  0    Dex: 12    Spells: 3/3 levels left

rFire    . . .     SeeInvis .     - Unarmed
rCold    . . .     Gourm    +   (no shield)
rNeg     + . .     Faith    .   a - +0 robe
rPois    .         Spirit   .   (helmet restricted)
rElec    .         Reflect  .   (no cloak)
rCorr    .         Harm     .   (gloves unavailable)
MR       .....                  (boots unavailable)
Stlth    +.........             (no amulet)
HPRegen  0.55/turn              l - ring of magical power
MPRegen  0.13/turn              (no ring)

@: glowing
A: large, unfitting armour, claws 3, fast metabolism 3, gourmand, regeneration
1, shaggy fur 1, tough skin 3
a: Divine Shield, Renounce Religion


You were on level 4 of the Dungeon.
You worshipped the Shining One.
The Shining One was pleased with you.
You were very full.

You visited 1 branch of the dungeon, and saw 4 of its levels.

You collected 94 gold pieces.

Inventory:

Missiles
 h - 61 stones (quivered)
 i - 4 boomerangs of dispersal
Armour
 a - a +0 robe (worn)
Jewellery
 l - a ring of magical power (left claw)
Scrolls
 c - 3 scrolls of remove curse {unknown}
 d - a scroll of noise {unknown}
 e - 3 scrolls of enchant weapon {unknown}
 f - 3 scrolls of identify {unknown}
 g - a scroll of magic mapping {unknown}
 k - a scroll of enchant armour {unknown}
 m - a scroll of immolation {unknown}
 n - a scroll of random uselessness {unknown}
Comestibles
 b - 5 rations


   Skills:
 + Level 3.0 Fighting
 + Level 1.2 Throwing
 - Level 2.4 Dodging
 - Level 1.0 Stealth
 * Level 4.4 Unarmed Combat


You had 3 spell levels left.
You didn't know any spells.
Your spell library was empty.

Dungeon Overview and Level Annotations

Branches:
Dungeon (4/15)
 Temple: D:4-7

Altars:
Elyvilon
Vehumet
Yredelemnul
The Shining One

Annotations:
D:4 Pikel


Innate Abilities, Weirdness & Mutations

You are too large for most types of armour.
You have claws for hands.
Your metabolism is lightning-fast.
You like to eat raw meat.
Your natural rate of healing is unusually fast.
You are covered in fur. (AC +1)
You have extremely tough skin. (AC +3)


Message History

The slave hits you but does no damage.
Pikel hits you with a +1 whip of flaming!
* * * LOW HITPOINT WARNING * * *
Pikel burns you.
* * * LOW HITPOINT WARNING * * *
The slave barely misses you.
It was a potion of heal wounds.
You feel much better. Pikel closely misses you. The slave barely misses you.
You scratch Pikel.
Pikel is heavily wounded.
The slave hits you.
Pikel hits you with a +1 whip of flaming.
Pikel burns you. The slave hits you!
* * * LOW HITPOINT WARNING * * *
You scratch Pikel but do no damage.
Pikel is heavily wounded.
The slave hits you!
* * * LOW HITPOINT WARNING * * *
The slave hits you!
You die...

...# #... ... ##..#
.. ##...##
../.##.p...###
......pKp....###
### #@p......###.#
##.........##.#
#..........#.##
#............#
##...........##
#.........##.####
##.......###.#..###
####....# #......#
###### #......#


You could see Pikel and 4 slaves.

Vanquished Creatures
  5 adders
  A worm (D:2)
  3 dart slugs
  3 orcs (D:3)
  6 bats
  4 giant cockroaches
  4 goblins
  7 hobgoblins
  4 kobolds
  7 rats
44 creatures vanquished.

Notes
Turn   | Place    | Note
-------+----------+-------------------------------------------
     0 | D:1      | Emblim88 the Troll Monk began the quest for the Orb.
     0 | D:1      | Reached XP level 1. HP: 22/22 MP: 0/0
   344 | D:1      | Reached XP level 2. HP: 29/29 MP: 1/1
   718 | D:2      | Reached XP level 3. HP: 27/36 MP: 2/2
  1081 | D:2      | Reached skill level 4 in Unarmed Combat
  1456 | D:3      | Found a glowing golden altar of the Shining One.
  1456 | D:3      | Found a radiant altar of Vehumet.
  1480 | D:3      | Reached skill level 1 in Throwing
  1480 | D:3      | Reached XP level 4. HP: 41/45 MP: 3/3
  1496 | D:3      | Became a worshipper of the Shining One
  1496 | D:3      | Reached * piety under the Shining One
  1496 | D:3      | Reached ** piety under the Shining One
  1713 | D:3      | Found a white marble altar of Elyvilon.
  1826 | D:3      | Found a basalt altar of Yredelemnul.
  1997 | D:4      | Noticed Pikel
  1997 | D:4      | Noticed a slave
  1997 | D:4      | Noticed a slave
  1997 | D:4      | Noticed a slave
  1999 | D:4      | Noticed a slave
  2008 | D:4      | HP: 1/45 [Pikel/+1 whip of flaming (4)]
  2011 | D:4      | Mangled by a slave

Levels and vault maps discovered:
D:1:      kennysheep_arrival_forest, layout_loops_cross
D:2:      layout_rooms, first_ration, hex_intersection,
          roderic_cross_of_infinity
D:3:      layout_loops_corners, kennysheep_ying_yang,
          chequers_temple_overflow_statue_of_worship
D:4:      layout_cave_pods, uniq_pikel

Skill      XL: |  1  2  3 |
---------------+----------+-----
Unarmed Combat | 4 |  4.4
Fighting       | 3 |  3.0
Throwing       | 1 |  1.2
Dodging        | |  2.4
Stealth        | |  1.0

Action                   |  1- 3 |  4- 6 || total
-------------------------+-------+-------++-------
Melee: Unarmed           |    89 |    25 ||   114
       Punch             |     2 |       ||     2
  Use: Potion            |       |     1 ||     1
  Eat: Chunk             |    19 |     3 ||    22
Armor: Robe              |    37 |     3 ||    40
Dodge: Dodged            |    41 |    16 ||    57

Table legend:
 A = Non-vault XP
 B = Vault XP
 C = Vault XP percentage of total XP
 D = Non-vault monster count
 E = Vault monster count
 F = Vault count percentage of total count
                 A         B        C        D         E       F
            +---------+---------+-------+---------+---------+-------
      Total |     142 |       0 |   0.0 |      44 |       0 |   0.0
            +---------+---------+-------+---------+---------+-------
        D:1 |      16 |       0 |   0.0 |      11 |       0 |   0.0
        D:2 |      53 |       0 |   0.0 |      20 |       0 |   0.0
        D:3 |      73 |       0 |   0.0 |      13 |       0 |   0.0
            +---------+---------+-------+---------+---------+-------
